 Dungeon Crawl Stone Soup version 0.23.2-11-gf996548c65 (webtiles) character file.

Game seed: 14985894385979826566

133527 Revguard the Severer (level 16, -7/116 HPs)
             Began as a Minotaur Fighter on June 6, 2019.
             Was the Champion of the Shining One.
             Killed from afar by a red draconian monk (12 damage)
             ... with a searing blast
             ... on level 5 of the Abyss.
             The game lasted 01:17:03 (19883 turns).

Revguard the Severer (Minotaur Fighter)            Turns: 19883, Time: 01:17:03

Health: -7/116     AC: 29    Str: 23 (24) XL:     16   Next: 60%
Magic:  1/23       EV: 17    Int:  9      God:    the Shining One [******]
Gold:   2915       SH: 34    Dex: 27 (28) Spells: 15/15 levels left

rFire    + + .     SeeInvis .   Q - +9 war axe (holy)
rCold    + . .     Gourm    .   c - +3 large shield "Uvim" {rF+ rCorr Str+3 Int+4}
rNeg     + + +     Faith    .   T - +6 gold dragon scales
rPois    +         Spirit   .   (helmet restricted)
rElec    .         Reflect  .   R - scarf {cloud immunity}
rCorr    +         Harm     .   x - +1 pair of gloves
MR       +....     Rnd*Rage +   y - +0 pair of boots
Stlth    ..........             e - amulet of regeneration
HPRegen  0.69/turn              s - +4 ring of dexterity
MPRegen  0.18/turn              q - +5 ring of evasion

@: agile, divine shield, glowing
A: retaliatory headbutt, horns 2, agile 1, [berserk 2], blurry vision 1,
[deterioration 1], [frail 2], shaggy fur 1, MP-powered wands
a: Divine Shield, Cleansing Flame, Summon Divine Warrior, Renounce Religion


You were on level 5 of the Abyss.
You worshipped the Shining One.
The Shining One was exalted by your worship.
You were not hungry.

You visited 5 branches of the dungeon, and saw 26 of its levels.
You visited the Abyss 1 time.
You also visited: Ossuary and Ice Cave.

You collected 3260 gold pieces.
You spent 345 gold pieces at shops.

Inventory:

Hand Weapons
 P - a +7 long sword
 Q - a +9 war axe of holy wrath (weapon)
Armour
 c - the +3 large shield "Uvim" (worn) {rF+ rCorr Str+3 Int+4}
   (You found it on level 6 of the Lair of Beasts)

   It affects your strength (+3).
   It affects your intelligence (+4).
   It protects you from fire.
   It provides partial protection from all sources of acid and corrosion.
 x - a +1 pair of gloves (worn)
 y - a +0 pair of boots (worn)
 R - a scarf of cloud immunity (worn)
 T - +6 gold dragon scales (worn)
Jewellery
 d - a +5 amulet of reflection
 e - an amulet of regeneration (around neck)
 q - a +5 ring of evasion (right hand)
 s - a +4 ring of dexterity (left hand)
 K - an uncursed ring of resist corrosion
 N - an uncursed ring of poison resistance
Wands
 a - a wand of enslavement (3)
 k - a wand of flame (41)
 m - a wand of digging (13)
 w - a wand of polymorph (15)
 G - a wand of iceblast (21)
 M - a wand of acid (1)
Scrolls
 b - 4 scrolls of blinking
 h - 3 scrolls of immolation
 i - 15 scrolls of remove curse
 r - 3 scrolls of magic mapping
 u - 5 scrolls of fear
 v - 12 scrolls of teleportation
 z - a scroll of enchant weapon
 C - a scroll of brand weapon
 O - 5 scrolls of amnesia
 S - 6 scrolls of fog
 U - 2 scrolls of identify
Potions
 g - 4 potions of haste
 j - 5 potions of brilliance
 l - 3 potions of curing
 n - a potion of mutation
 t - 2 potions of cancellation
 B - a potion of invisibility
 D - a potion of might
 E - 8 potions of lignification
 F - a potion of resistance
 H - 5 potions of agility
 I - 2 potions of ambrosia
 J - a potion of berserk rage
 L - 2 potions of flight
Miscellaneous
 A - 2 boxes of beasts
Comestibles
 f - 30 rations


   Skills:
 + Level 14.3 Fighting
 + Level 17.4 Axes
 + Level 12.0 Armour
 + Level 7.3 Dodging
 + Level 13.9 Shields
 * Level 11.6 Invocations
 * Level 10.2 Evocations


You had 15 spell levels left.
You didn't know any spells.
Your spell library contained the following spells:

 Spells                   Type           Power        Failure   Level  Hunger
 Animate Skeleton         Necr           N/A          100%        1    ##.....
 Apportation              Tloc           #.....       100%        1    ##.....
 Confusing Touch          Hex            #.....       100%        1    ##.....
 Corona                   Hex            #......      100%        1    ##.....
 Pain                     Necr           #...         100%        1    ##.....
 Summon Small Mammal      Summ           #...         100%        1    ##.....
 Corpse Rot               Necr           N/A          100%        2    ###....
 Slow                     Hex            #.......     100%        2    ###....
 Sublimation of Blood     Necr           #.........   100%        2    ###....
 Confuse                  Hex            #.......     100%        3    ####...
 Gell's Gravitas          Tloc           #.........   100%        3    ####...
 Inner Flame              Hex/Fire       #.......     100%        3    ####...
 Portal Projectile        Hex/Tloc       #.....       100%        3    ####...
 Regeneration             Chrm/Necr      #.........   100%        3    ####...
 Vampiric Draining        Necr           #.........   100%        3    ####...
 Animate Dead             Necr           N/A          100%        4    #####..
 Cause Fear               Hex            #.........   100%        4    #####..
 Ice Form                 Ice/Tmut       #.......     100%        4    #####..
 Leda's Liquefaction      Hex/Erth       #.........   100%        4    #####..
 Petrify                  Tmut/Erth      #.......     100%        4    #####..
 Agony                    Necr           #.......     100%        5    ######.
 Bolt of Draining         Conj/Necr      #.........   100%        5    ######.
 Dispel Undead            Necr           #.......     100%        5    ######.
 Excruciating Wounds      Chrm/Necr      #.........   100%        5    ######.
 Metabolic Englaciation   Hex/Ice        #.........   100%        5    ######.
 Silence                  Hex/Air        #.........   100%        5    ######.
 Yara's Violent Unravell  Hex/Tmut       #.........   100%        5    ######.
 Bolt of Cold             Conj/Ice       #.........   100%        6    #######
 Deflect Missiles         Chrm/Air       #.........   100%        6    #######
 Freezing Cloud           Conj/Ice/Air   #.........   100%        6    #######
 Ozocubu's Refrigeration  Ice            #.........   100%        6    #######
 Simulacrum               Ice/Necr       #.........   100%        6    #######
 Discord                  Hex            #.........   100%        8    #######


Dungeon Overview and Level Annotations

Branches:
Dungeon (15/15)            Temple (1/1) D:4            Lair (6/6) D:8
  Swamp (0/4) Lair:2       Spider (2/4) Lair:4        Slime (0/5) Lair:6
    Orc (2/2) D:11            Elf (0/3) Orc:2        Vaults (0/5) D:13
 Depths (0/5) D:15

Altars:
Ashenzari
Cheibriados
Dithmenos
Elyvilon
Fedhas
Gozag
Hepliaklqana
Kikubaaqudgha
Makhleb
Nemelex Xobeh
Okawaru
Qazlal
Ru
Sif Muna
Trog
Uskayaw
Vehumet
Wu Jian
Xom
Yredelemnul
Zin
The Shining One
Beogh
Jiyva

Shops:
D:6 :   D:7 ?   D:11 (([   Orc:2 *::(?

Annotations:
Spider:2 Louise


Innate Abilities, Weirdness & Mutations

You reflexively headbutt those who attack you in melee.
You have a pair of horns on your head.
You are agile. (Dex +2)
Scrolls take you a little longer to read.
You are covered in fur. (AC +1)
You expend magic power (3 MP) to strengthen your wands.
[You often lose your temper in combat.]
[Your body sometimes deteriorates upon taking damage.]
[You are very frail. (-20% HP)]


Message History

You block the quicksilver dragon's attack.
Your daeva barely misses the angel. x2
You block the red draconian monk's attack.
The red draconian monk kicks you but does no damage.
The red draconian monk tail-slaps you but does no damage.
The angel barely misses your daeva.
Your daeva blocks the angel's attack.
Your daeva blocks the quicksilver dragon's attack.
The quicksilver dragon claws your daeva!
You block the draconian's attack.
The quicksilver dragon breathes dispelling energy at you.
The bolt of dispelling energy hits your daeva!!!
Your daeva's magical effects unravel!
The bolt of dispelling energy hits you!!
Your magical effects are unravelling.
* * * LOW HITPOINT WARNING * * *
The angel gestures.
The angel is healed somewhat.
The red draconian monk breathes flames at you.
The searing blast hits you! You resist.
You die...

.. . # . . # . .
# #############
. .
#..#..##....## .
# ......#...†..#
.
#.......@AD:..#
.#......#d.A...#
. #
.#......##.q..##
. #.†..######'#
. . _ ###) . # .
. #). ... #
.©##.. .. # #..
#.©. .. .... # .
# #...


You could see a red draconian monk, an angel, a quicksilver dragon, a draconian
and a friendly daeva.

Vanquished Creatures
  Agnes (D:15)
  Kirke (D:14)
  A frost giant (IceCv)
  A draconian knight (Abyss:5)
  Aizul (Spider:2)
  2 entropy weavers (Spider:1)
  A dire elephant (D:15)
  4 hydras
  A death knight (D:14)
  2 ogre magi (Orc:2)
  2 centaur warriors
  2 dancing weapons (D:13)
  5 two-headed ogres
  7 death yaks
  A merfolk avatar (Lair:6)
  A tengu warrior (D:15)
  2 thrashing horrors (Abyss:5)
  Sonja (Orc:2)
  A wretched star (Abyss:5)
  2 large abominations (Abyss:5)
  A sea snake (Lair:6)
  3 unseen horrors
  3 skeletal warriors (D:15)
  A wizard (D:15)
  An orc knight (Orc:2)
  10 ugly things
  A deep elf mage (D:13)
  5 oklob plants
  2 draconians (Abyss:5)
  2 cyclopes
  9 orc sorcerers
  5 wolf spiders
  3 orb spiders (Spider:1)
  3 manticores
  4 black mambas
  9 elephants (Lair:6)
  Joseph (D:9)
  An ice statue (IceCv)
  11 spiny frogs
  A kobold demonologist (D:12)
  A komodo dragon (shapeshifter) (D:15)
  5 rime drakes
  A tormentor (Abyss:5)
  10 komodo dragons
  A tengu conjurer (D:15)
  An ancient zyme (Abyss:5)
  4 demonic crawlers
  A harpy zombie (D:15)
  3 trolls
  16 polar bears
  10 jumping spiders
  2 slime creatures (D:15)
  A wind drake (Lair:6)
  A blink frog (Lair:3)
  4 hornets
  3 bog bodies (Lair:2)
  14 dream sheep
  A harpy skeleton (D:15)
  A raiju (Abyss:5)
  7 hippogriffs
  2 vampires
  8 tarantellas
  2 ynoxinuls (Abyss:5)
  5 wyverns
  65 yaks
  26 redbacks
  2 basilisks
  5 hogs
  A steam dragon (Lair:3)
  A human (D:7)
  5 hungry ghosts
  3 wargs
  2 swamp worms (Lair:2)
  9 water moccasins
  2 acid dragons
  3 porcupines
  A small abomination (Abyss:4)
  14 orc warriors
  2 ice beasts
  3 phantoms
  An eye of draining (shapeshifter) (D:15)
  7 ogres
  4 sky beasts
  A necrophage (D:11)
  2 black bears (D:10)
  23 wolves
  13 centaurs
  6 crocodiles
  23 bullfrogs
  12 scorpions
  11 killer bees
  11 wights
  4 centaur zombies
  7 electric eels
  10 howler monkeys
  A bullfrog zombie (D:11)
  7 crimson imps
  A quasit (D:12)
  3 hounds
  12 orc priests
  4 bullfrog skeletons
  2 human zombies (Ossuary)
  2 centaur skeletons
  8 jellies
  33 orc wizards
  Ijyb (D:5)
  4 iguanas
  10 worker ants
  A hound zombie (D:6)
  3 mummies (Ossuary)
  A worker ant zombie (D:6)
  Robin (D:2)
  5 gnolls
  A howler monkey skeleton (D:4)
  4 scorpion zombies (Ossuary)
  10 adders
  2 shadow imps
  An ooze (D:1)
  An adder skeleton (D:4)
  An adder zombie (D:9)
  3 worms
  2 dart slugs
  8 leopard geckos
  64 orcs
  8 giant cockroaches
  3 gnoll zombies (Ossuary)
  13 goblins
  15 hobgoblins
  9 jackals
  3 kobolds
  2 quokkas
  4 bats
  3 frilled lizards
  2 goblin zombies (Ossuary)
  A hobgoblin zombie (Ossuary)
  A jackal skeleton (D:6)
  A kobold zombie (Ossuary)
  3 orc zombies (Ossuary)
  A quokka skeleton (D:4)
  7 rats
  2 bushes (Lair:6)
  6 plants
778 creatures vanquished.

Vanquished Creatures (collateral kills)
  Rupert (Lair:6)
  An emperor scorpion (D:15)
  A cacodemon (Abyss:5)
  Nessos (Lair:6)
  2 skeletal warriors (D:14)
  A wretched star (Abyss:5)
  A cyclops (Orc:2)
  A naga mage (D:15)
  An apocalypse crab (Abyss:5)
  A rime drake (Lair:6)
  A tormentor (Abyss:5)
  2 freezing wraiths (D:14)
  A troll (D:14)
  A hornet (Lair:6)
  A dream sheep (Lair:3)
  3 blink frogs (Lair:3)
  A shadow (Abyss:5)
  2 hogs (D:14)
  4 orc warriors (Orc:2)
  4 ogres (Orc:2)
  A bullfrog (Lair:3)
  An orc priest (Orc:2)
  2 orc wizards (Orc:2)
  A gnoll (Orc:2)
  6 orcs (Orc:2)
42 creatures vanquished.

Vanquished Creatures (others)
  A polar bear (IceCv)
  An orc (Orc:2)
  6 fungi
  A lurking horror (Abyss:5)
  8 plants (Lair:6)
17 creatures vanquished.

Grand Total: 837 creatures vanquished

Notes
Turn   | Place    | Note
-------+----------+-------------------------------------------
     0 | D:1      | Revguard the Minotaur Fighter began the quest for the Orb.
     0 | D:1      | Reached XP level 1. HP: 19/19 MP: 0/0
   133 | D:1      | Reached XP level 2. HP: 27/27 MP: 1/1
   259 | D:1      | Gained mutation: Armour fits poorly on your strangely
                  | shaped body. [potion of mutation]
   259 | D:1      | Gained mutation: You are dopey. (Int -2) [potion of
                  | mutation]
   259 | D:1      | Gained mutation: Your spells are a little harder to cast,
                  | but a little more powerful. [potion of mutation]
   626 | D:2      | Reached XP level 3. HP: 17/33 MP: 2/2
   758 | D:2      | Found a blossoming altar of Fedhas.
   966 | D:2      | Reached skill level 3 in Axes
  1077 | D:2      | Noticed Robin
  1102 | D:2      | Killed Robin
  1102 | D:2      | Reached XP level 4. HP: 36/40 MP: 3/3
  1368 | D:3      | Reached skill level 4 in Axes
  1437 | D:3      | Reached XP level 5. HP: 47/47 MP: 4/4
  1869 | D:4      | Lost intelligence.
  1957 | D:4      | Got a pitted leather armour
  1968 | D:4      | Identified the cursed +0 leather armour of Daffodils {rPois
                  | MR+++ Str+4 Slay-2} (You found it on level 4 of the
                  | Dungeon)
  2163 | D:4      | Reached skill level 5 in Axes
  2163 | D:4      | Reached skill level 5 in Armour
  2325 | D:4      | Found a staircase to the Ecumenical Temple.
  2336 | Temple   | Entered the Ecumenical Temple
  2368 | Temple   | Became a worshipper of the Shining One
  2397 | D:5      | Entered Level 5 of the Dungeon
  2397 | D:5      | Noticed a centaur
  2400 | D:5      | Killed a centaur
  2400 | D:5      | Reached XP level 6. HP: 52/53 MP: 5/5
  2427 | D:5      | Reached skill level 1 in Dodging
  2502 | D:5      | Reached skill level 5 in Shields
  2503 | D:5      | Noticed a sky beast
  2513 | D:5      | Killed a sky beast
  2513 | D:5      | Reached skill level 5 in Fighting
  2605 | D:5      | Got a steaming shortbow
  2607 | D:5      | Identified the +3 shortbow "Giupt" {freeze, rF+ rN+ Dex-5}
                  | (You found it on level 5 of the Dungeon)
  2642 | D:5      | Noticed Ijyb
  2659 | D:5      | Killed Ijyb
  2674 | D:5      | Reached XP level 7. HP: 54/61 MP: 6/6
  2783 | D:5      | Reached skill level 6 in Axes
  3007 | D:6      | Found Jonoiw Cug's Book Shop.
  3010 | D:6      | Found an opulent altar of Gozag.
  3165 | D:6      | Got an ancient leather armour
  3166 | D:6      | Identified the +2 leather armour of the Eternal Void {rC+}
                  | (You found it on level 6 of the Dungeon)
  3233 | D:6      | Reached skill level 7 in Axes
  3233 | D:6      | Reached XP level 8. HP: 24/69 MP: 7/7
  3350 | D:6      | Reached skill level 1 in Invocations
  3618 | D:7      | Noticed a hippogriff
  3624 | D:7      | Killed a hippogriff
  3669 | D:7      | Found Janeog's Magic Scroll Boutique.
  3675 | D:7      | Bought a scroll of brand weapon for 240 gold pieces
  3782 | D:7      | Reached skill level 8 in Axes
  3801 | D:7      | Reached XP level 9. HP: 25/75 MP: 10/10
  3802 | D:7      | Reached skill level 9 in Axes
  3946 | D:7      | Reached * piety under the Shining One
  4258 | D:7      | Found an iron altar of Okawaru.
  4459 | D:8      | Reached skill level 10 in Axes
  4534 | D:8      | Found a sand-covered staircase.
  4554 | Ossuary  | Entered an ossuary
  4617 | Ossuary  | Reached ** piety under the Shining One
  4624 | Ossuary  | Reached skill level 1 in Evocations
  4735 | Ossuary  | Reached *** piety under the Shining One
  4932 | D:8      | Found a hazy altar of Hepliaklqana.
  5058 | D:8      | Reached XP level 10. HP: 69/86 MP: 12/12
  5174 | D:8      | Found a staircase to the Lair.
  5437 | D:9      | Noticed Joseph
  5458 | D:9      | Killed Joseph
  5630 | D:9      | Reached skill level 11 in Axes
  5633 | D:9      | Reached skill level 5 in Invocations
  5640 | D:9      | Reached skill level 5 in Dodging
  5874 | D:9      | Found a deep blue altar of Sif Muna.
  6192 | D:10     | Entered Level 10 of the Dungeon
  6646 | D:11     | Noticed a two-headed ogre
  6656 | D:11     | Killed a two-headed ogre
  6656 | D:11     | Reached skill level 12 in Axes
  6656 | D:11     | Reached XP level 11. HP: 71/94 MP: 11/14
  6768 | D:11     | Noticed an unseen horror
  6781 | D:11     | Killed an unseen horror
  6824 | D:11     | Found Rimifron's Weapon Emporium.
  6865 | D:11     | Reached **** piety under the Shining One
  6897 | D:11     | Found Roginizo's Weapon Emporium.
  6909 | D:11     | Found a staircase to the Orcish Mines.
  6909 | D:11     | Found Okeowkof's Armour Emporium.
  7429 | D:12     | Noticed a two-headed ogre
  7435 | D:12     | Killed a two-headed ogre
  7464 | D:12     | Reached skill level 5 in Evocations
  7490 | D:12     | Reached skill level 13 in Axes
  7747 | D:12     | Reached ***** piety under the Shining One
  8034 | D:12     | Got an encrusted scale mail
  8045 | D:12     | Identified the +2 scale mail "Usuweiro" {*Drain rCorr MP+9
                  | Str+4} (You found it on level 12 of the Dungeon)
  8255 | D:12     | Reached XP level 12. HP: 94/104 MP: 16/16
  8372 | D:13     | Noticed a two-headed ogre
  8383 | D:13     | Killed a two-headed ogre
  8441 | D:13     | Reached skill level 10 in Shields
  8813 | D:13     | Found a gate to the Vaults.
  8964 | D:14     | Reached skill level 14 in Axes
  9033 | D:14     | Noticed a death knight
  9051 | D:14     | Killed a death knight
  9111 | D:14     | Noticed Kirke
  9118 | D:14     | Reached skill level 10 in Fighting
  9123 | D:14     | Killed Kirke
  9184 | D:14     | Lost mutation: You are dopey. (Int -2) [potion of mutation]
  9184 | D:14     | Lost mutation: Your spells are a little harder to cast, but
                  | a little more powerful. [potion of mutation]
  9184 | D:14     | Lost mutation: Armour fits poorly on your strangely shaped
                  | body. [potion of mutation]
  9184 | D:14     | Gained mutation: You are covered in fur. (AC +1) [potion of
                  | mutation]
  9184 | D:14     | Gained mutation: Scrolls take you a little longer to read.
                  | [potion of mutation]
  9184 | D:14     | Gained mutation: You expend magic power (3 MP) to
                  | strengthen your wands. [potion of mutation]
  9184 | D:14     | Gained mutation: You are agile. (Dex +2) [potion of
                  | mutation]
  9193 | D:14     | Reached skill level 10 in Armour
  9193 | D:14     | Reached XP level 13. HP: 116/116 MP: 18/18
  9852 | D:15     | Entered Level 15 of the Dungeon
  9922 | D:15     | Reached XP level 14. HP: 72/124 MP: 19/19
 10204 | D:15     | Noticed Agnes
 10217 | D:15     | Killed Agnes
 10217 | D:15     | Reached skill level 15 in Axes
 10748 | D:15     | Found a staircase to the Depths.
 10754 | D:15     | Noticed an emperor scorpion
 10796 | D:15     | Killed an emperor scorpion
 11248 | Orc:1    | Entered Level 1 of the Orcish Mines
 11669 | Orc:2    | Entered Level 2 of the Orcish Mines
 11669 | Orc:2    | Found Okhlejupt's Assorted Antiques.
 11672 | Orc:2    | Found a roughly hewn altar of Beogh.
 11897 | Orc:2    | Found a staircase to the Elven Halls.
 12123 | Orc:2    | Noticed Sonja
 12134 | Orc:2    | Killed Sonja
 12172 | Orc:2    | Found Idemab's Magic Scroll Shop.
 12188 | Orc:2    | Bought a scroll of enchant armour for 105 gold pieces
 12201 | Orc:2    | Found an ancient bone altar of Kikubaaqudgha.
 12228 | Orc:2    | Found Pokalla's Antique Weapon Boutique.
 12246 | Orc:2    | Found a radiant altar of Vehumet.
 12291 | Orc:2    | Reached skill level 16 in Axes
 12294 | Orc:2    | Found a roughly hewn altar of Beogh.
 12294 | Orc:2    | Found Mecwem's Book Shop.
 12349 | Orc:2    | Found Xoxisidipp's Book Shop.
 12720 | Lair:1   | Entered Level 1 of the Lair of Beasts
 13430 | Lair:2   | You fall through a shaft for 2 floors!
 13457 | Lair:4   | Reached skill level 10 in Invocations
 13457 | Lair:4   | Reached XP level 15. HP: 129/134 MP: 21/21
 13511 | Lair:4   | Found a hole to the Spider Nest.
 15088 | Lair:2   | Found a staircase to the Swamp.
 15913 | Lair:5   | Found a frozen archway.
 15939 | IceCv    | Entered an ice cave
 16214 | IceCv    | Reached ****** piety under the Shining One
 16286 | IceCv    | Noticed a frost giant
 16313 | IceCv    | Killed a frost giant
 17313 | Lair:6   | Entered Level 6 of the Lair of Beasts
 17417 | Lair:6   | Found a staircase to the Slime Pits.
 17417 | Lair:6   | Found a viscous altar of Jiyva.
 17555 | Lair:6   | Noticed Rupert
 17557 | Lair:6   | Got an ichor-stained large shield
 17565 | Lair:6   | Killed Rupert
 17566 | Lair:6   | Reached skill level 17 in Axes
 17587 | Lair:6   | Identified the +3 large shield "Uvim" {rF+ rCorr Str+3
                  | Int+4} (You found it on level 6 of the Lair of Beasts)
 17601 | Lair:6   | Noticed Nessos
 17610 | Lair:6   | Killed Nessos
 17843 | Lair:6   | Reached XP level 16. HP: 108/144 MP: 23/23
 18133 | Lair:6   | Got a twisted long sword
 18150 | Lair:6   | Identified the cursed +2 long sword "Vequr" {freeze, rPois
                  | rC- rN+++ Int+4} (You found it on level 6 of the Lair of
                  | Beasts)
 18356 | Spider:1 | Entered Level 1 of the Spider Nest
 18570 | Spider:1 | Identified a +9 war axe of holy wrath (a +9 war axe of
                  | freezing blessed by the Shining One)
 18570 | Spider:1 | Received a gift from the Shining One
 18938 | Spider:2 | Noticed Aizul
 18954 | Spider:2 | Killed Aizul
 18954 | Spider:2 | Reached skill level 10 in Evocations
 19661 | Spider:2 | Noticed Louise
 19669 | Spider:2 | Cast into level 3 of the Abyss (Louise)
 19739 | Abyss:5  | Entered Level 5 of the Abyss
 19739 | Abyss:5  | Entered Level 5 of the Abyss
 19739 | Abyss:5  | Entered Level 5 of the Abyss
 19779 | Abyss:5  | Found a transporter.
 19782 | Abyss:5  | Found a corrupted altar of Lugonu.
 19821 | Abyss:5  | Noticed a quicksilver dragon
 19877 | Abyss:5  | HP: 2/116 [red draconian monk (7)]
 19883 | Abyss:5  | HP: 5/116 [quicksilver dragon/bolt of dispelling energy
                  | (18)]
 19883 | Abyss:5  | Killed from afar by a red draconian monk

Skill      XL: |  1  2  3  4  5  6  7  8  9 10 11 12 13 14 15 16 |
---------------+-------------------------------------------------+-----
Shields        | 4 5 6 7 8 9 10 11 13 | 13.9
Fighting       | 4 5 6 7 8 9 11 12 13 14 | 14.3
Armour         | 4 5 6 7 10 11 12 | 12.0
Axes           | 3 4 5 7 8 10 12 13 14 16 17 | 17.4
Dodging        | 1 2 3 4 5 6 7 |  7.3
Invocations    | 3 4 5 6 8 10 11 | 11.6
Evocations     | 2 4 5 6 8 9 10 | 10.2

Action                   |  1- 3 |  4- 6 |  7- 9 | 10-12 | 13-15 | 16-18 || total
-------------------------+-------+-------+-------+-------+-------+-------++-------
Melee: War axe           |    75 |   148 |   231 |   558 |   843 |   283 ||  2138
       Headbutt          |    11 |    29 |    58 |   146 |   246 |    77 ||   567
Invok: Divine Shield     |       |       |       |     4 |     1 |     1 ||     6
       Cleansing Flame   |       |       |       |     1 |     5 |     3 ||     9
       Summon Divine War |       |       |       |     2 |     5 |     1 ||     8
       Brand Weapon With |       |       |       |       |       |     1 ||     1
Evoke: Wand              |       |       |       |       |    22 |     3 ||    25
  Use: Potion            |     5 |     4 |     1 |     4 |     4 |     3 ||    21
       Scroll            |       |    11 |     8 |     7 |    15 |     5 ||    46
  Eat: Chunk             |       |     7 |     5 |    17 |    30 |     6 ||    65
       Ration            |       |       |     1 |       |       |     1 ||     2
Armor: Scale mail        |    27 |    42 |     4 |    22 |    77 |       ||   172
       Leather armour    |       |       |    32 |    25 |       |       ||    57
       Gold dragon scale |       |       |       |       |   196 |   118 ||   314
Dodge: Dodged            |    27 |    72 |   138 |   301 |   356 |    84 ||   978
Block: Shield            |    45 |    86 |   163 |   375 |   526 |       ||  1195
       Large shield      |       |       |       |       |    21 |   364 ||   385
